 Dungeon Crawl Stone Soup version 0.28-a0-657-g71136c5590 (webtiles) character file.

Game seed: 4695929740235158819

73 KoroneIsBestGirl the Chiller (level 4, -2/30 HPs)
             Began as a Barachi Ice Elementalist on Oct 14, 2021.
             Slain by Grinder (5 damage)
             ... on level 3 of the Dungeon.
             The game lasted 00:03:00 (2503 turns).

KoroneIsBestGirl the Chiller (BaIE)                 Turns: 2503, Time: 00:03:00

Health: -2/30      AC:  2    Str: 10    XL:     4   Next: 27%
Magic:  0/8        EV: 12    Int: 16    God:
Gold:   82         SH:  0    Dex: 12    Spells: 5/9 levels left

rFire   . . .      SeeInvis .   i - +0 dagger (venom)
rCold   . . .      Faith    .   (no shield)
rNeg    . . .      Spirit   .   a - +0 robe
rPois   .          Reflect  .   (no helmet)
rElec   .          Harm     .   (no cloak)
rCorr   .          Rampage  .   (no gloves)
Will    .....                   (no boots)
Stlth   ++........              (no amulet)
HPRegen 0.10/turn               g - ring of flight
MPRegen 0.11/turn               (no ring)

@: flying, very slightly contaminated, slow
A: amphibious, slowness 1, strong legs 1, +LOS
a: Hop


You were on level 3 of the Dungeon.
You visited 1 branch of the dungeon, and saw 3 of its levels.

You collected 82 gold pieces.

Inventory:

Hand Weapons
 i - a +0 dagger of venom (weapon)
Armour
 a - a +0 robe (worn)
Jewellery
 g - a ring of flight (left hand)
Scrolls
 b - a scroll of magic mapping {unknown}
 c - 2 scrolls of enchant weapon {unknown}
 e - a scroll of immolation {unknown}
 h - 2 scrolls of fog {unknown}
 j - a scroll of blinking {unknown}
 m - 2 scrolls of identify {unknown}
Potions
 d - a potion of mutation {unknown}
 f - a potion of degeneration {unknown}
 k - 3 potions of flight {unknown}
 l - 2 potions of ambrosia {unknown}
 n - 2 potions of magic {unknown}


   Skills:
 + Level 3.2 Dodging
 - Level 1.7 Stealth
 + Level 3.1 Spellcasting
 + Level 5.6 Ice Magic


You had 5 spell levels left.
You knew the following spells:

 Your Spells              Type           Power      Damage    Failure   Level
a - Freeze                Ice            80%        1d9       1%          1
b - Frozen Ramparts       Ice            40%        1d6       5%          3

Your spell library contained the following spells:

 Spells                   Type           Power      Damage    Failure   Level
 Ozocubu's Armour         Ice            20%        N/A       5%          3
 Hailstorm                Conj/Ice       11%        3d5       50%         4


Dungeon Overview and Level Annotations

Branches:
Dungeon (3/15)

Altars:

Shops:
D:2 =

Annotations:
D:3 Grinder


Innate Abilities, Weirdness & Mutations

You are amphibious.
You cover ground slowly.
You can hop short distances.
You have an extended range of vision and can be seen from far away.


Message History

Grinder is nearby!
Casting: Freeze (safe; 1% risk of failure)
Confirm with . or Enter, or press ? or * to list all spells.
Casting: Frozen Ramparts (dangerous; 5% risk of failure)
Press: ? - help, Dir - look around, f - activate The walls around you are covered in ice.
Grinder shouts!
Grinder completely resists.
The wall freezes Grinder but does no damage.
Grinder gestures at you. Pain shoots through your body!
Grinder completely resists.
The wall freezes Grinder but does no damage.
Grinder completely resists.
The wall freezes Grinder but does no damage.
Grinder blinks!
Grinder resists.
The wall freezes Grinder.
Grinder blinks!
You miscast Freeze.
You are very lightly contaminated with residual magic.
Nothing appears to happen.
Grinder completely resists.
The wall freezes Grinder but does no damage.
Grinder completely misses you.
You freeze Grinder but do no damage.
Grinder completely resists.
Grinder resists.
The wall freezes Grinder.
Grinder closely misses you.
You freeze Grinder but do no damage.
Grinder completely resists. x2
The wall freezes Grinder but does no damage.
Grinder hits you.
You freeze Grinder.
Grinder resists.
Grinder is lightly wounded.
The frozen ramparts melt away.
Grinder closely misses you.
You freeze Grinder.
Grinder resists.
Grinder is lightly wounded.
Grinder barely misses you.
You freeze Grinder.
Grinder resists.
Grinder is lightly wounded.
Grinder hits you!
You writhe in agony.
Grinder hits you!
* * * LOW HITPOINT WARNING * * *
You writhe in agony.
You die...

.#### ....#
.#..# # .#..#
#.##.#..#
#.#..#..#
#.#.##@5#
#.......#
#......##
###.####
###.# ##.#.#
####....#####
+...<.......#
###.....###.#


You could see Grinder.

Vanquished Creatures
  Terence (D:2)
  5 dart slugs
  3 ball pythons
  3 bats
  3 endoplasms
  A giant cockroach (D:1)
  6 goblins
  4 hobgoblins
  3 jackals (D:2)
  2 kobolds (D:1)
  A quokka (D:1)
  2 frilled lizards
  A rat (D:2)
35 creatures vanquished.

Notes
Turn   | Place    | Note
-------+----------+-------------------------------------------
     0 | D:1      | KoroneIsBestGirl the Barachi Ice Elementalist began the
                  | quest for the Orb.
     0 | D:1      | Reached XP level 1. HP: 13/13 MP: 3/3
   264 | D:1      | Reached skill level 5 in Ice Magic
   264 | D:1      | Reached XP level 2. HP: 19/19 MP: 0/5
   962 | D:1      | Reached XP level 3. HP: 19/24 MP: 5/7
  1448 | D:2      | Learned a level 3 spell: Frozen Ramparts
  1868 | D:2      | Found a faded altar of an unknown god.
  2020 | D:2      | Found Himithra's Jewellery Shoppe.
  2108 | D:2      | Noticed Terence
  2115 | D:2      | Killed Terence
  2116 | D:2      | Reached XP level 4. HP: 25/30 MP: 0/8
  2489 | D:3      | Noticed Grinder
  2503 | D:3      | Slain by Grinder

Illustrated notes

Levels and vault maps discovered:
D:1:      scummos_arrival_simple_crosswalls, layout_loops_ring
D:2:      layout_loops_ring, serial_shops, nicolae_shop_statue_plus,
          dreamdust_ecumenical_altar_statues, uniq_terence
D:3:      minmay_recursive_quarters, layout_loops_corners,
          mainiacjoe_overflow_tiny_flanked, nicolae_wu_jian_wuxing_cycle,
          serial_shops, shop_coins, nicolae_shop_waterfront, shop,
          nicolae_lakefront_shop, nicolae_square_shop, uniq_grinder

Skill      XL: |  1  2  3 |
---------------+----------+-----
Ice Magic      | 5 |  5.6
Dodging        | 3 |  3.2
Spellcasting   | 3 |  3.1
Stealth        | |  1.7

Action                   |  1- 3 |  4- 6 || total
-------------------------+-------+-------++-------
Melee: Unarmed           |    12 |       ||    12
       Dagger            |    37 |     3 ||    40
 Cast: Freeze            |    36 |     7 ||    43
       Frozen Ramparts   |     1 |     1 ||     2
 Stab: Sleeping          |       |     1 ||     1
Armor: Robe              |    10 |     2 ||    12
Dodge: Dodged            |    58 |     4 ||    62

Table legend: (Time is in decaauts)
 A = Elapsed time spent in this place.
 B = Non-inter-level travel time spent in this place.
 C = Inter-level travel time spent in this place.
 D = Time resting spent in this place.
 E = Time spent auto-exploring this place.
 F = Levels seen in this place.
 G = Mean time per level.
                   A        B        C        D        E       F      G
               +--------+--------+--------+--------+--------+-----+--------+
         Total |   2762 |   2568 |    194 |      0 |   2255 |   3 |  920.7 |
       Dungeon |   2762 |   2568 |    194 |      0 |   2255 |   3 |  920.7 |
               +--------+--------+--------+--------+--------+-----+--------+

Top non-repeatable levels by time:
     D:1: 1471 daAuts
     D:2: 1255 daAuts
     D:3: 35 daAuts
